 Dungeon Crawl Stone Soup version 0.16.1-14-g82efdee (webtiles) character file.

12212 KarvaRausku the Cleaver (level 12, -8/89 HPs)
             Began as a Human Fighter on Apr 14, 2015.
             Was the Champion of Okawaru.
             Killed from afar by an ice statue (25 damage)
             ... with a bolt of cold
             ... on level 1 of the Lair of Beasts.
             The game lasted 00:39:52 (10557 turns).

KarvaRausku the Cleaver (Human Fighter)            Turns: 10557, Time: 00:39:52

Health: -8/89      AC: 17    Str: 32    XL:     12   Next: 17%
Magic:  3/3        EV: 12    Int:  6    God:    Okawaru [******]
Gold:   705        SH: 12    Dex: 14    Spells: 0 memorised, 11 levels left

rFire  + . .     SeeInvis +     (no weapon)
rCold  . . .     Clarity  .     W - +6 scale mail of Mirth {rPois Regen+ MP-9 Int+2}
rNeg   . . .     SustAb   .     c - +0 shield
rPois  +         Gourm    .     o - +0 helmet of Delloedy {rF+ Regen+ Str+7 Int-5 Stlth-}
rElec  .         Spirit   .     (no cloak)
rCorr  .         Warding  .     (no gloves)
rMut   .         Stasis   .     J - +1 pair of boots
MR     .....                    (no amulet)
Stlth  ..........               A - ring of see invisible
                                g - ring of poison resistance

@: mighty, about to teleport, flying, very slightly contaminated, hasted, very
quick, not resistant to hostile enchantments, extremely unstealthy
A: no striking features
a: Heroism, Finesse, Renounce Religion


You were on level 1 of the Lair of Beasts.
You worshipped Okawaru.
Okawaru was exalted by your worship.
You were not hungry.

You visited 3 branches of the dungeon, and saw 12 of its levels.

You collected 705 gold pieces.

Inventory:

Hand weapons
 m - a +0 broad axe
 G - a +1 arbalest of flaming
 K - a +0 quarterstaff of speed
 P - a +1 dire flail of crushing
Missiles
 x - a throwing net (quivered)
Armour
 c - a +0 shield (worn)
 l - a +2 chain mail of fire resistance
 o - the +0 helmet of Delloedy (worn) {rF+ Regen+ Str+7 Int-5 Stlth-}
   (You took it off Robin on level 2 of the Dungeon)

   It affects your strength (+7).
   It affects your intelligence (-5).
   It protects you from fire.
   It increases your rate of regeneration.
   It makes you less stealthy.
 J - a +1 pair of boots (worn)
 Q - a +0 ring mail of magic resistance
 S - a +2 hat
 W - the +6 scale mail of Mirth (worn) {rPois Regen+ MP-9 Int+2}
   (You found it on level 10 of the Dungeon)

   It affects your intelligence (+2).
   It protects you from poison.
   It affects your magic capacity (-9).
   It increases your rate of regeneration.
 Z - the +4 ring mail "Baucli" {rElec rPois rN+}
   (You found it on level 7 of the Dungeon)

   It insulates you from electricity.
   It protects you from poison.
   It protects you from negative energy.
Jewellery
 g - a ring of poison resistance (left hand)
 A - a ring of see invisible (right hand)
 I - an uncursed ring of protection from magic
 L - an uncursed ring of stealth
 R - a +2 ring of evasion
 Y - an uncursed ring of protection from fire
Magical devices
 n - a wand of frost (19)
 B - a wand of enslavement (10)
 D - a wand of draining (0)
 M - a wand of fireball (0)
 N - a wand of fireball (0)
 T - a wand of slowing (40)
Scrolls
 f - 6 scrolls of remove curse
 p - a scroll of magic mapping
 u - 2 scrolls of fog
 y - 2 scrolls of enchant weapon
 C - a scroll of amnesia
 F - a scroll of enchant armour
 X - a scroll of fear
Potions
 e - a potion of might
 k - a potion of lignification
 r - 3 potions of brilliance
 s - 3 potions of restore abilities
 t - a potion of haste
 v - a potion of cancellation
 z - 3 potions of curing
 E - a potion of agility
 H - 2 potions of flight
 O - a potion of berserk rage
Books
 b - a book of Control

   Spells                             Type                      Level
   a - Control Teleport               Charms/Translocation         4
   b - Control Undead                 Necromancy                   4
   c - Enslavement                    Hexes                        4
   d - Metabolic Englaciation         Hexes/Ice                    5
   e - Mass Confusion                 Hexes                        6
Comestibles
 d - 6 bread rations
 q - 10 royal jellies
 w - 4 meat rations
 U - 4 fruits


   Skills:
 + Level 6.9 Fighting
 + Level 13.5 Axes
 + Level 7.1 Armour
 * Level 6.4 Dodging
 - Level 6.6 Shields


You had 11 spell levels left.
You didn't know any spells.

Dungeon Overview and Level Annotations

Branches:
Dungeon (10/15)            Temple (1/1) D:5            Lair (1/8) D:8
    Orc (0/4) D:10

Altars:
Ashenzari
Cheibriados
Dithmenos
Elyvilon
Fedhas
Gozag
Kikubaaqudgha
Makhleb
Nemelex Xobeh
Okawaru
Qazlal
Ru
Sif Muna
Trog
Vehumet
Xom
Yredelemnul
Zin
The Shining One

Shops:
D:8 *   D:9 ?   D:10 !

Annotations:
D:5 exclusion: statue
Lair:1 exclusion: ice statue


Message History

The ice statue throws cold at you. The freezing blast misses you.
The ice beast hits you but does no damage.
The ice statue throws cold at you. The freezing blast engulfs you!
You hit the ice statue but do no damage.
The ice statue is heavily damaged.
You are engulfed in freezing vapours.
* * * LOW HITPOINT WARNING * * *
Read which item? (? for menu, Esc to quit)
As you read the scroll of teleportation, it crumbles to dust.
You feel strangely unstable.
You are engulfed in freezing vapours.
* * * LOW HITPOINT WARNING * * *
The ice beast barely misses you.
Drink which item? (? for menu, Esc to quit)
You feel better.
You are engulfed in freezing vapours.
* * * LOW HITPOINT WARNING * * *
The ice statue throws cold at you. The bolt of cold hits you!
You die...

..###⌠.≈≈≈..........≈≈≈.⌠..##....
......≈≈≈≈..........≈≈≈≈....#...#
##.##≈≈≈≈..≈≈≈..≈≈≈≈..≈≈≈≈P....##
##...≈≈..≈≈≈≈≈≈≈≈≈≈≈≈.≈≈≈##.....#
##....≈...≈≈≈≈≈≈≈≈≈≈...≈≈##......
#.....≈.≈≈≈≈≈≈≈≈≈≈≈≈....#.......
###...≈≈≈≈≈≈≈≈≈≈≈≈≈≈≈≈≈≈.##......
.......≈≈.≈≈≈?!Y§§≈≈≈≈≈...##.....
........≈≈≈≈≈)§8@§≈≈≈≈...####...#
.......≈≈≈≈≈≈/(§§§≈≈≈≈≈..# ##.##
......≈≈≈≈≈≈≈≈≈≈≈≈≈≈≈≈≈\.# ###
..#....≈.≈≈≈≈≈≈≈≈≈≈≈≈.≈..#
####.≈≈...≈≈≈≈≈≈≈≈≈≈...≈.# .#
#.≈≈≈.≈≈≈≈≈≈≈≈≈≈≈≈.≈≈≈# ##
##≈≈≈≈.≈≈≈≈..≈≈≈..≈≈≈≈## #
#..≈≈≈≈..........≈.≈≈.P# #
##⌠..≈...........≈≈..⌠##


You could see an ice statue and an ice beast.

Vanquished Creatures
  The ghost of tesudzi the Slicer, an experienced DsAs of Qazlal (D:9)
  The ghost of billydstr the Thaumaturge, an experienced DECj of Vehumet (D:7)
  A black mamba (Lair:1)
  2 spiny frogs (Lair:1)
  A komodo dragon (D:8)
  A gargoyle (D:9)
  A troll (D:10)
  A two-headed ogre (D:10)
  A freezing wraith (Lair:1)
  4 polar bears (Lair:1)
  15 yaks
  2 wyverns
  A hippogriff (D:10)
  Grum (D:8)
  3 wolves (D:8)
  Edmund (D:5)
  2 porcupines (Lair:1)
  2 orc warriors
  2 sky beasts
  4 ice beasts
  5 centaurs
  3 big kobolds
  3 ogres
  2 gnoll sergeants
  7 giant frogs
  A scorpion (D:6)
  4 killer bees
  3 crimson imps
  3 centaur skeletons
  A goliath beetle (D:8)
  4 hounds
  11 jellies
  A giant frog zombie (D:7)
  4 iguanas
  A giant frog skeleton (D:9)
  10 orc wizards
  7 worker ants
  6 orc priests
  Natasha (thrice) (D:4)
  2 gnoll shamans (D:9)
  Ijyb (D:2)
  Jessica (D:3)
  4 hound skeletons
  Terence (D:2)
  Robin (D:2)
  14 river rats (Lair:1)
  12 adders
  23 gnolls
  4 shadow imps
  A white imp (Lair:1)
  2 worms
  A giant mite (D:7)
  An adder skeleton (D:4)
  6 giant geckos
  5 oozes (D:8)
  29 orcs
  A bat skeleton (D:6)
  2 bat zombies (D:7)
  5 giant cockroaches
  28 goblins
  15 hobgoblins
  9 jackals
  31 kobolds
  7 quokkas
  2 ball pythons
  24 bats
  7 giant newts
  A goblin zombie (D:4)
  2 quokka skeletons
  18 rats
  A fungus (Lair:1)
387 creatures vanquished.

Vanquished Creatures (collateral kills)
  A goliath beetle (D:8)
1 creature vanquished.

Vanquished Creatures (others)
  A fulminant prism (D:7)
  2 plants (D:8)
3 creatures vanquished.

Grand Total: 391 creatures vanquished

Notes
Turn   | Place    | Note
--------------------------------------------------------------
     0 | D:1      | KarvaRausku, the Human Fighter, began the quest for the Orb.
     0 | D:1      | Reached XP level 1. HP: 18/18 MP: 1/1
   226 | D:1      | Reached XP level 2. HP: 17/24 MP: 2/2
   938 | D:2      | Noticed Terence
   942 | D:2      | Reached XP level 3. HP: 29/29 MP: 3/3
   965 | D:2      | Killed Terence
  1055 | D:2      | Noticed Robin
  1160 | D:2      | Reached skill level 4 in Axes
  1160 | D:2      | Reached XP level 4. HP: 33/35 MP: 4/4
  1175 | D:2      | Killed Robin
  1177 | D:2      | Got a heavily runed helmet
  1186 | D:2      | Identified the +0 helmet of Delloedy {rF+ Regen+ Str+7 Int-5 Stlth-} (You took it off Robin on level 2 of the Dungeon)
  1233 | D:2      | Found a shadowy altar of Dithmenos.
  1355 | D:2      | Found an opulent altar of Gozag.
  1423 | D:2      | Noticed Ijyb
  1438 | D:2      | Killed Ijyb
  1438 | D:2      | Reached XP level 5. HP: 41/41 MP: 5/5
  1822 | D:3      | Reached skill level 5 in Axes
  1939 | D:3      | Found a stormy altar of Qazlal.
  2045 | D:3      | Reached XP level 6. HP: 47/47 MP: 6/6
  2071 | D:3      | Noticed Jessica
  2096 | D:3      | Killed Jessica
  2119 | D:3      | Found a deep blue altar of Sif Muna.
  2229 | D:3      | Reached skill level 6 in Axes
  2385 | D:3      | Found a burning altar of Makhleb.
  2430 | D:4      | Noticed Natasha
  2441 | D:4      | Killed Natasha
  2591 | D:4      | Reached XP level 7. HP: 48/52 MP: 7/7
  2641 | D:4      | Noticed Natasha
  2649 | D:4      | Killed Natasha
  2649 | D:4      | Reached skill level 7 in Axes
  2988 | D:4      | Noticed Natasha
  2994 | D:4      | Killed Natasha
  3260 | D:5      | Entered Level 5 of the Dungeon
  3391 | D:5      | Reached skill level 8 in Axes
  3520 | D:5      | Found a radiant altar of Vehumet.
  3711 | D:5      | Found a staircase to the Ecumenical Temple.
  3733 | Temple   | Entered the Ecumenical Temple
  3814 | Temple   | Became a worshipper of Warmaster Okawaru
  3898 | D:5      | Reached XP level 8. HP: 58/58 MP: 8/8
  3991 | D:5      | Reached skill level 9 in Axes
  4011 | D:5      | Noticed Edmund
  4024 | D:5      | Killed Edmund
  4095 | D:5      | Acquired Okawaru's first power
  4803 | D:6      | Reached skill level 10 in Axes
  4906 | D:6      | Reached XP level 9. HP: 61/63 MP: 9/9
  4977 | D:6      | Found a white marble altar of Elyvilon.
  4977 | D:6      | Found a blossoming altar of Fedhas.
  5083 | D:6      | Reached skill level 11 in Axes
  5529 | D:7      | Noticed billydstr's ghost (experienced DECj)
  5543 | D:7      | Paralysed by billydstr's ghost for 2 turns
  5550 | D:7      | Killed billydstr's ghost
  5550 | D:7      | Reached skill level 12 in Axes
  5606 | D:7      | Got an opal-encrusted ring mail
  5724 | D:7      | Identified the +4 ring mail "Baucli" {rElec rPois rN+} (You found it on level 7 of the Dungeon)
  5860 | D:7      | Identified a -2 rod of ignition (11/11) (You found it on level 6 of the Dungeon)
  6054 | D:8      | Reached skill level 1 in Dodging
  6068 | D:8      | Noticed Grum
  6105 | D:8      | Killed Grum
  6105 | D:8      | Reached XP level 10. HP: 25/70 MP: 10/10
  6387 | D:8      | Found Smimiuc's Assorted Antiques.
  6928 | D:8      | Found a staircase to the Lair.
  6930 | D:8      | Noticed a komodo dragon
  7025 | D:8      | Killed a komodo dragon
  7611 | D:9      | Acquired Okawaru's second power
  7627 | D:9      | Reached skill level 5 in Armour
  7628 | D:9      | Reached skill level 5 in Fighting
  7733 | D:9      | Reached skill level 5 in Shields
  7735 | D:9      | Reached XP level 11. HP: 65/79 MP: 11/11
  7825 | D:9      | Noticed tesudzi's ghost (experienced DsAs)
  7889 | D:8      | Found a sacrificial altar of Ru.
  7923 | D:9      | Killed tesudzi's ghost
  7923 | D:9      | Reached skill level 13 in Axes
  7965 | D:9      | Found Puentucs' Magic Scroll Boutique.
  8066 | D:9      | Received a gift from Okawaru
  8357 | D:10     | Entered Level 10 of the Dungeon
  8509 | D:10     | Got a shimmering scale mail
  8544 | D:9      | Identified the +6 scale mail of Mirth {rPois Regen+ MP-9 Int+2} (You found it on level 10 of the Dungeon)
  8594 | D:10     | Reached skill level 5 in Dodging
  8758 | D:10     | Found Cal Inlo's Distillery.
  8789 | D:10     | Found a shimmering altar of Xom.
  8879 | D:10     | Found a staircase to the Orcish Mines.
  9313 | Lair:1   | Entered Level 1 of the Lair of Beasts
  9413 | Lair:1   | Noticed an ice statue
  9680 | Lair:1   | Reached XP level 12. HP: 89/89 MP: 3/12
 10557 | Lair:1   | Killed from afar by an ice statue

Action                   |  1- 3 |  4- 6 |  7- 9 | 10-12 || total
-------------------------+-------+-------+-------+-------++-------
Melee: War axe           |   109 |   221 |   441 |   223 ||   994
       Broad axe         |       |       |       |   405 ||   405
       Unarmed           |       |       |       |    11 ||    11
Throw: Throwing net      |       |       |       |     1 ||     1
Evoke: Wand              |       |       |     3 |     6 ||     9
       Rod               |       |       |       |     1 ||     1
  Use: Scroll            |       |     2 |     8 |    19 ||    29
       Potion            |       |       |       |     6 ||     6
  Eat: Chunk             |     1 |     5 |    12 |    11 ||    29
       Royal jelly       |       |       |       |     1 ||     1
       Beef jerky        |       |       |       |     1 ||     1
       Fruit             |       |       |       |     3 ||     3
